 Dungeon Crawl Stone Soup version 0.30-a0-986-g7f2e898f52 (webtiles) character file.

Game seed: 15021199617181528466

73 Sobieck the Shooter (level 4, -1/33 HPs)
             Began as a Mummy Hunter on Apr 1, 2023.
             Slain by a gnoll
             ... wielding a +0 flail
              (3 damage)
             ... on level 2 of the Dungeon.
             The game lasted 00:03:00 (1526 turns).

Sobieck the Shooter (Mummy Hunter)                  Turns: 1526, Time: 00:03:01

Health: -1/33      AC:  3    Str: 14    XL:     4   Next: 8%
Magic:  0/4        EV: 11    Int:  8    God:
Gold:   95         SH:  0    Dex: 17    Spells: 3/3 levels left

rFire   x . .      SeeInvis .    a - +0 shortbow {bow}
rCold   + . .      Faith    +    (shield currently unavailable)
rNeg    + + +      Spirit   +    c - +0 leather armour
rPois   ∞          Reflect  .    (no helmet)
rElec   .          Rampage  .    (no cloak)
rCorr   .                        (no gloves)
Will    .....                    (no boots)
Stlth   ++                       m - amulet of guardian spirit
HPRegen 0.25/turn                (no ring)
MPRegen 0.09/turn                (no ring)

@: no status effects
A: cold resistance 1, negative energy resistance 3, torment resistance 2, heat
vulnerability 1, in touch with death 1, no potions, faith
a: no special abilities


You were on level 2 of the Dungeon.
You visited 1 branch of the dungeon, and saw 2 of its levels.

You collected 95 gold pieces.


Innate Abilities, Weirdness & Mutations

You are immune to poison.
Your flesh is cold resistant. (rC+)
You are immune to negative energy. (rN+++)
You are immune to unholy pain and torment.
You are vulnerable to heat. (rF-)
You are in touch with the powers of death.
You do not drink.
You have a special connection with the divine. (Faith)


   Skills:
 - Level 2.0 Fighting
 + Level 4.7 Ranged Weapons
 - Level 1.5 Dodging
 - Level 0.7 Stealth


You had 3 spell levels left.
You didn't know any spells.
Your spell library contained the following spells:

 Spells                   Type           Power      Damage    Failure   Level
 Magic Dart               Conj           0%         1d3       50%         1
 Call Imp                 Summ           0%         N/A       63%         2
 Ensorcelled Hibernation  Hex/Ice        0%         N/A       63%         2
 Mephitic Cloud           Conj/Pois/Air  0%         N/A       86%         3
 Anguish                  Hex/Necr       0%         N/A       99%         4
 Spider Form              Tmut/Pois      Unusable   N/A       N/A         3

Inventory:

Hand Weapons
 a - a +0 shortbow (weapon) {bow}
Missiles
 d - 6 poisoned darts {throwing}
 f - 9 stones {throwing}
Armour
 c - a +0 leather armour (worn)
 g - a +0 robe
   (You found it on level 1 of the Dungeon)
 h - a +0 ring mail
   (You found it on level 1 of the Dungeon)
 k - a +0 robe
   (You found it on level 2 of the Dungeon)
 l - a +0 chain mail
   (You found it on level 2 of the Dungeon)
Jewellery
 m - an amulet of guardian spirit (around neck)
   (You found it on level 2 of the Dungeon)
Scrolls
 b - a scroll of immolation {!r!r}
 e - a scroll of vulnerability {unknown}
 i - a scroll of fear {unknown}
 j - a scroll of enchant armour {unknown}
 n - a scroll of amnesia {unknown}

Dungeon Overview and Level Annotations

Branches:
Dungeon (2/15) Zot: 10415

Altars:

Shops:
D:1 ( D:2

( ###.h........
#h..#....†...........
#.###.....gg........
##.# ####h..........
##.# #.... .... ...#
#... ... .### ## #g#
.#### ##g#
....###########.@#
..#.........>...##
#.###..........##
..............##
#####)........#
#.........#
#####<........#
....########.##
....## ##.....##


You could see a gnoll and a hobgoblin.


Message History

You kill the jackal!
The jackal closely misses you. The jackal barely misses you.
The ball python barely misses you. x2
You have reached level 4!
You shoot an arrow. The arrow hits the ball python.
The jackal barely misses you. The ball python misses you.
The ball python closely misses you. The jackal closely misses you.
You shoot an arrow. The arrow hits the ball python.
You kill the ball python!
The jackal bites you but does no damage.
You shoot an arrow. The arrow hits the jackal.
The jackal bites you. x2
You shoot an arrow. The arrow hits the jackal.
The jackal barely misses you. The jackal completely misses you.
You shoot an arrow. The arrow hits the jackal.
The jackal bites you but does no damage.
The jackal closely misses you.
You shoot an arrow. The arrow hits the jackal.
You kill the jackal!
No target in view!
A frilled lizard comes into view.
Danger!
You shoot an arrow. The frilled lizard hisses angrily.
The arrow hits the frilled lizard but does no damage.
You shoot an arrow. The arrow hits the frilled lizard!
You kill the frilled lizard!
No target in view!
You see here a jackal corpse.
m - an amulet of guardian spirit Unknown command.
You start putting on your amulet.
You continue putting on your amulet of guardian spirit. x5
You finish putting on your amulet of guardian spirit.
You feel your power drawn to a protective spirit.
m - an amulet of guardian spirit (around neck) Unknown command.
Unknown command.
Found Qesishru's Weapon Boutique.
Unknown command.
No target in view!
A hobgoblin comes into view.
Danger!
You shoot an arrow.
The arrow hits the hobgoblin but does no damage.
The hobgoblin shouts!
You shoot an arrow. The arrow barely misses the hobgoblin.
You shoot an arrow. The arrow hits the hobgoblin.
You shoot an arrow. The arrow hits the hobgoblin.
You kill the hobgoblin!
No target in view!
n - a scroll labelled WIFREW POOJOFA
There is an entrance to Qesishru's Weapon Boutique here.
Unknown command.
You now have 87 gold pieces (gained 6).
You now have 95 gold pieces (gained 8).
A ball python comes into view.
The ball python hisses angrily.
Danger!
You shoot an arrow. The arrow hits the ball python.
You kill the ball python!
No target in view!
No target in view!
A hobgoblin comes into view.
The hobgoblin moves out of view.
Unknown command.
A gnoll comes into view. It is wielding a +0 flail.
Danger!
You shoot an arrow. The arrow closely misses the gnoll.
The gnoll shouts!
You shoot an arrow. The arrow completely misses the gnoll.
You shoot an arrow. The arrow hits the gnoll!
You hear a shout!
You shoot an arrow. The arrow closely misses the gnoll.
The gnoll hits you with a +0 flail!
You shoot an arrow. The arrow barely misses the gnoll.
The gnoll barely misses you.
You shoot an arrow. The arrow completely misses the gnoll.
The gnoll hits you with a +0 flail. The gnoll hits you with a +0 flail!
* * * LOW HITPOINT WARNING * * *
You are too injured to fight recklessly!
You are too injured to fight recklessly!
Unknown command.
Fire: a) +0 shortbow {bow}
Press: ? - help, Q - select action, (/) - cycle Shift-Dir - straight line, f/p - gnoll
Aim: a gnoll, wielding a +0 flail (severely wounded, 66% to hit)
You shoot an arrow. The arrow closely misses the gnoll.
The gnoll hits you with a +0 flail!
* * * LOW HITPOINT WARNING * * *
Fire: a) +0 shortbow {bow}
Press: ? - help, Q - select action, (/) - cycle Shift-Dir - straight line, f/p - gnoll
Aim: a gnoll, wielding a +0 flail (severely wounded, 66% to hit)
You shoot an arrow. The arrow barely misses the gnoll.
The gnoll hits you with a +0 flail.
* * * LOW HITPOINT WARNING * * *
Fire: a) +0 shortbow {bow}
Press: ? - help, Q - select action, (/) - cycle Shift-Dir - straight line, f/p - gnoll
Aim: a gnoll, wielding a +0 flail (severely wounded, 66% to hit)
You shoot an arrow. The arrow closely misses the gnoll.
The gnoll hits you with a +0 flail.
You die...

Skill      XL: |  1  2 |
---------------+-------+-----
Ranged Weapons | 4 |  4.7
Fighting       | |  2.0
Dodging        | |  1.5
Stealth        | |  0.7

Action                     |  1- 3 |  4- 6 || total
---------------------------+-------+-------++-------
   Fire: Shortbow          |   121 |    22 ||   143
 Armour: Leather armour    |    16 |     2 ||    18
  Dodge: Dodged            |    54 |     8 ||    62

Levels and vault maps discovered:
D:1:      giann_wishing_wells, layout_loops_ring, serial_shops,
          nicolae_shop_crystal, serial_bayou_lagoon_a
D:2:      layout_rooms, serial_shops, shop

Notes
Turn   | Place    | Note
-------+----------+-------------------------------------------
     0 | D:1      | Sobieck the Mummy Hunter began the quest for the Orb.
     0 | D:1      | Reached XP level 1. HP: 16/16 MP: 1/1
   267 | D:1      | Reached XP level 2. HP: 22/22 MP: 2/2
   358 | D:1      | You pick up a book of Dreams and begin reading...
   358 | D:1      | You add the spells Ensorcelled Hibernation and Anguish to
                  | your library.
   632 | D:1      | Reached skill level 4 in Ranged Weapons
   711 | D:1      | Found Fuufokie's Antique Weapon Emporium.
   975 | D:2      | Gained mutation: You are in touch with the powers of death.
                  | [Mummy growth]
   975 | D:2      | Reached XP level 3. HP: 27/27 MP: 3/3
  1157 | D:2      | You pick up a book of Minor Magic and begin reading...
  1157 | D:2      | You add the spells Magic Dart, Call Imp and Mephitic Cloud
                  | to your library.
  1266 | D:2      | Reached XP level 4. HP: 28/33 MP: 4/4
  1394 | D:2      | Found Qesishru's Weapon Boutique.
  1524 | D:2      | HP: 6/33 [gnoll/+0 flail (7)]
  1525 | D:2      | HP: 2/33 [gnoll/+0 flail (5)]
  1526 | D:2      | Slain by a gnoll

Vanquished Creatures
  2 gnolls
  A dart slug (D:2)
  2 bats
  2 endoplasms (D:2)
  2 giant cockroaches
  A goblin (D:2)
  5 hobgoblins
  10 jackals
  2 quokkas (D:1)
  7 ball pythons
  3 frilled lizards (D:2)
  4 kobolds
  6 rats
47 creatures vanquished.

Vanquished Creatures (others)
  17 plants (D:1)
17 creatures vanquished.

Grand Total: 64 creatures vanquished

Table legend:
 A = Non-vault XP
 B = Vault XP
 C = Vault XP percentage of total XP
 D = Non-vault monster count
 E = Vault monster count
 F = Vault count percentage of total count
                 A         B        C        D         E       F
            +---------+---------+-------+---------+---------+-------
      Total |     105 |       0 |   0.0 |      47 |       0 |   0.0
            +---------+---------+-------+---------+---------+-------
        D:1 |      52 |       0 |   0.0 |      23 |       0 |   0.0
        D:2 |      53 |       0 |   0.0 |      24 |       0 |   0.0
            +---------+---------+-------+---------+---------+-------

Illustrated notes

Table legend:
 A = Kills in this place as a percentage of kills in the entire game.
 B = Kills by you in this place as a percentage of kills by you in the entire game.
 C = Kills by friends in this place as a percentage of kills by friends in the entire game.
 D = Other kills in this place as a percentage of other kills in the entire game.
 E = Experience gained in this place as a percentage of experience gained in the entire game.
 F = Experience gained in this place divided by the number of levels of this place that you have seen.
                   A       B       C       D       E      F
               +-------+-------+-------+-------+-------+----------------------
         Total | 100.0 | 100.0 |   N/A |   N/A | 100.0 |  52.5
       Dungeon | 100.0 | 100.0 |   N/A |   N/A | 100.0 |  52.5
               +-------+-------+-------+-------+-------+----------------------

Table legend: (Time is in decaauts)
 A = Elapsed time spent in this place.
 B = Non-inter-level travel time spent in this place.
 C = Inter-level travel time spent in this place.
 D = Time resting spent in this place.
 E = Time spent auto-exploring this place.
 F = Levels seen in this place.
 G = Mean time per level.
                   A        B        C        D        E       F      G
               +--------+--------+--------+--------+--------+-----+--------+
         Total |   1582 |   1517 |     65 |    128 |   1051 |   2 |  791.0 |
       Dungeon |   1582 |   1517 |     65 |    128 |   1051 |   2 |  791.0 |
               +--------+--------+--------+--------+--------+-----+--------+

Top non-repeatable levels by time:
     D:1: 993 daAuts
     D:2: 589 daAuts
